 Dungeon Crawl Stone Soup version 0.16.2-12-gd0ad4c3 (webtiles) character file.

141 gorblad the Ducker (level 5, 0/39 HPs)
             Began as a Demonspawn Wanderer on Sept 26, 2015.
             Was a Follower of Makhleb.
             Slain by a worm (5 damage)
             ... on level 2 of the Dungeon.
             The game lasted 00:09:15 (1725 turns).

gorblad the Ducker (Demonspawn Wanderer)            Turns: 1725, Time: 00:09:15

Health: 0/39       AC:  5    Str: 11    XL:     5   Next: 3%
Magic:  0/9        EV: 11    Int: 16    God:    Makhleb [*.....]
Gold:   145        SH:  0    Dex: 12    Spells: 1 memorised, 7 levels left

rFire  . . .     SeeInvis .     g - +1 spear (flame)
rCold  . . .     Clarity  .     p - +0 ring mail
rNeg   . . .     SustAb   .     (no shield)
rPois  .         Gourm    .     (helmet restricted)
rElec  .         Spirit   +     (no cloak)
rCorr  .         Warding  .     (no gloves)
rMut   .         Stasis   .     (no boots)
MR     .....                    (no amulet)
Stlth  +.........               (no ring)
                                (no ring)

@: not resistant to hostile enchantments, very unstealthy
A: horns 2, magic shield, magic regeneration
a: Renounce Religion


You were on level 2 of the Dungeon.
You worshipped Makhleb.
Makhleb was aware of your devotion.
You were not hungry.

You visited 1 branch of the dungeon, and saw 3 of its levels.

You collected 145 gold pieces.

Inventory:

Hand weapons
 c - a +0 spear
 e - a +0 dagger
 g - a +1 spear of flaming (weapon)
Missiles
 v - a throwing net (quivered)
Armour
 d - a +0 robe
 n - a +0 leather armour
 p - a +0 ring mail (worn)
 w - a +0 pair of gloves
Magical devices
 y - a wand of random effects (36)
Scrolls
 h - a scroll of remove curse {unknown}
 j - a scroll of fear {unknown}
 l - a scroll of enchant armour {unknown}
 m - 2 scrolls of identify {unknown}
 q - 2 scrolls of teleportation {unknown}
 r - a scroll of recharging {unknown}
 t - 2 scrolls of magic mapping {unknown}
 x - a scroll of amnesia {unknown}
Potions
 k - a potion of beneficial mutation {unknown}
Books
 a - a book of Geomancy

   Spells                             Type                      Level
   a - Sandblast                      Earth                        1
   b - Stoneskin                      Transmutation/Earth          2
   c - Passwall                       Transmutation/Earth          3
   d - Stone Arrow                    Conjuration/Earth            3
   e - Petrify                        Transmutation/Earth          4
   f - Lee's Rapid Deconstruction     Earth                        5
 b - Tyamuwis' Volume of Conjuration and Flight

   Spells                             Type                      Level
   a - Shock                          Conjuration/Air              1
   b - Mephitic Cloud                 Conjuration/Poison/Air       3
Comestibles
 f - 4 bread rations
 o - 2 chunks of flesh
 s - 9 fruits
 u - 2 beef jerkies


   Skills:
 + Level 2.4 Fighting
 + Level 1.2 Polearms
 + Level 1.3 Armour
 * Level 3.0 Dodging
 + Level 2.7 Stealth
 - Level 2.0 Spellcasting
 - Level 2.6 Earth Magic


You had 7 spell levels left.
You knew the following spells:

 Your Spells              Type           Power        Failure   Level  Hunger
a - Sandblast             Erth           ##....       17%         1    #......


Dungeon Overview and Level Annotations

Branches:
Dungeon (3/15)

Altars:
Gozag
Makhleb
Nemelex Xobeh


Innate Abilities, Weirdness & Mutations

You have a pair of horns on your head.
When hurt, damage is shared between your health and your magic reserves.
You regenerate magic rapidly.


Message History

The worm is moderately wounded.
The rat bites you.
* * * LOW HITPOINT WARNING * * *
You are too injured to fight recklessly!
Drink which item? (? for menu, Esc to quit)
It was a potion of curing.
You feel better. The worm bites you.
* * * LOW HITPOINT WARNING * * *
The rat bites you but does no damage.
Drink which item? (? for menu, Esc to quit)
You feel better. The rat closely misses you. The worm bites you!
Your ring mail prevents you from hitting the rat.
Your headbutt misses the rat. The rat barely misses you.
You hit the worm. You burn the worm.
The worm is heavily wounded.
The rat bites you. The worm bites you!
* * * LOW HITPOINT WARNING * * *
You hit the worm. You burn the worm.
The worm is almost dead.
The rat misses you. The worm bites you.
You die...

#######.......
#.....+.......
#.#####.......
#####.#####.......
#.....[...........
#.##...######.#.[.
#g##...######.....
#w##..............
#@rKg............(
#######.#########.
##'#####.....
#............
#.....##.....
#.....##.....
#.....##.....
#....(#######
#.....#


You could see a worm, 2 hobgoblins, a kobold and a rat.

Vanquished Creatures
  2 adders (D:2)
  6 gnolls
  A giant mite (D:2)
  A worm (D:2)
  A giant gecko (D:2)
  2 oozes
  A ball python (D:1)
  3 bats (D:2)
  3 giant cockroaches (D:2)
  5 goblins
  5 hobgoblins
  6 jackals
  A quokka (D:2)
  3 giant newts (D:2)
  7 kobolds
  9 rats (D:2)
56 creatures vanquished.

Notes
Turn   | Place    | Note
--------------------------------------------------------------
     0 | D:1      | gorblad, the Demonspawn Wanderer, began the quest for the Orb.
     0 | D:1      | gorblad set off with: a book of Geomancy, Tyamuwis' Volume of Conjuration and Flight, a +0 spear, a +0 robe, a +0 dagger, a bread ration
     0 | D:1      | Reached XP level 1. HP: 16/16 MP: 3/3
   305 | D:1      | Gained mutation: You have a pair of small horns on your head. [demonic ancestry]
   305 | D:1      | Reached XP level 2. HP: 19/22 MP: 4/4
   725 | D:2      | Found a burning altar of Makhleb.
   734 | D:2      | Found a sparkling altar of Nemelex Xobeh.
   743 | D:2      | Found an opulent altar of Gozag.
   755 | D:2      | Became a worshipper of Makhleb the Destroyer
   786 | D:2      | Identified Tyamuwis' Volume of Conjuration and Flight
   788 | D:2      | Learned a level 1 spell: Sandblast
   848 | D:2      | Gained mutation: When hurt, damage is shared between your health and your magic reserves. [demonic ancestry]
   848 | D:2      | Reached XP level 3. HP: 17/27 MP: 6/6
   860 | D:2      | Reached skill level 1 in Polearms
  1016 | D:2      | Reached skill level 1 in Armour
  1050 | D:2      | Acquired Makhleb's first power
  1276 | D:2      | Gained mutation: You regenerate magic rapidly. [demonic ancestry]
  1276 | D:2      | Reached XP level 4. HP: 25/34 MP: 4/7
  1716 | D:3      | Reached skill level 3 in Dodging
  1716 | D:3      | Gained mutation: You have a pair of horns on your head. [demonic ancestry]
  1716 | D:3      | Reached XP level 5. HP: 22/39 MP: 6/9
  1725 | D:2      | Slain by a worm

Action                   |  1- 3 |  4- 6 || total
-------------------------+-------+-------++-------
Melee: Spear             |   155 |    59 ||   214
  Use: Potion            |       |     2 ||     2
  Eat: Chunk             |     1 |     2 ||     3
